Map: Frozen Temple

Players

IIIIIIIIIIII

  • Race: Protoss Protoss
  • League: Grandmaster

llllllllllll - Winner!

  • Race: Protoss Protoss
  • League: Grandmaster

VOD

Have the link to the VOD?

Description

Time

  • Played on: Aug. 10, 2016, 4:17 a.m.
  • Length: 9:03
Show
View Real Time Build Order
Export as new Build Order

IIIIIIIIIIII Protoss 

Build Orders:  

Get SALT Encoding   

  12  0:01  Probe (Chrono Boost)  
  13  0:11  Probe (Chrono Boost)  
  14  0:17  Pylon  
  14  0:22  Probe (Chrono Boost)  
  15  0:36  Probe (Chrono Boost)  
  15  0:37  Gateway  
  16  0:43  Assimilator  
  16  0:46  Probe (Chrono Boost)  
  17  0:52  Assimilator  
  18  0:57  Probe (Chrono Boost)  
  18  1:07  Probe (Chrono Boost)  
  19  1:12  Gateway  
  19  1:18  Probe (Chrono Boost)  
  20  1:24  Cybernetics Core  
  20  1:28  Probe (Chrono Boost)  
  20  1:32  Pylon  
  21  1:39  Probe (Chrono Boost)  
  22  1:49  Probe (Chrono Boost)  
  22  1:50  Warp Gate  
  23  2:01  Probe (Chrono Boost)  
  24  2:02  Stalker  
  24  2:04  Stalker  
  28  2:10  Pylon  
  28  2:21  Mothership Core (Chrono Boost)  
  30  2:35  Stalker  
  32  2:38  Stalker  
  32  2:42  Pylon, Probe (Chrono Boost)  
  35  3:10  Probe (Chrono Boost)  
  34  3:17  Nexus  
  33  3:23  Probe (Chrono Boost)  
  34  3:28  Robotics Facility  
  35  3:35  Probe (Chrono Boost)  
  35  3:47  Probe (Chrono Boost)  
  36  3:52  Sentry x2  
  40  3:57  Probe (Chrono Boost)  
  41  4:07  Pylon  
  41  4:08  Probe (Chrono Boost)  
  42  4:15  Observer  
  46  4:20  Probe (Chrono Boost)  
  42  4:30  Stalker x2  
  43  4:32  Probe x2 (Chrono Boost)  
  42  4:42  Immortal  
  42  4:44  Probe (Chrono Boost)  
  45  4:45  Probe (Chrono Boost)  
  48  4:53  Stalker  
  48  4:55  Stalker  
  53  5:00  Probe (Chrono Boost)  
  53  5:02  Probe (Chrono Boost)  
  54  5:12  Probe (Chrono Boost), Twilight Council  
  55  5:15  Probe (Chrono Boost)  
  54  5:24  Probe (Chrono Boost)  
  54  5:25  Probe (Chrono Boost)  
  51  5:30  Stalker  
  51  5:36  Probe x2 (Chrono Boost)  
  51  5:41  Sentry  
  54  5:46  Probe x2 (Chrono Boost)  
  57  5:57  Probe x2 (Chrono Boost)  
  58  6:07  Probe (Chrono Boost)  
  58  6:08  Probe (Chrono Boost)  
  60  6:18  Probe x2 (Chrono Boost), Immortal  
  58  6:24  Blink  
  58  6:29  Probe x2 (Chrono Boost)  
  56  6:39  Gateway  
  57  6:41  Gateway, Probe (Chrono Boost)  
  57  6:43  Probe (Chrono Boost)  
  57  6:45  Assimilator  
  58  6:48  Assimilator  
  58  6:53  Probe (Chrono Boost)  
  60  6:55  Probe (Chrono Boost)  
  60  6:59  Immortal  
  60  7:05  Probe (Chrono Boost)  
  60  7:07  Probe (Chrono Boost)  
  67  7:15  Forge  
  67  7:17  Probe (Chrono Boost)  
  67  7:18  Gateway  
  67  7:19  Probe (Chrono Boost)  
  67  7:20  Sentry  
  70  7:23  Pylon  
  70  7:30  Pylon  
  70  7:32  Pylon  
  70  7:37  Immortal  
  70  7:43  Sentry x2  
  78  7:56  Nexus  
  78  7:59  Sentry x2  
  82  8:09  Probe x2 (Chrono Boost)  
  82  8:12  Stalker  
  86  8:17  Stalker  
  86  8:18  Pylon  
  88  8:23  Probe (Chrono Boost)  
  83  8:34  Stalker  
  83  8:36  Stalker x3  
  83  8:40  Pylon x2  
  91  8:46  Pylon  
  91  8:49  Pylon  
Show
View Real Time Build Order
Export as new Build Order

llllllllllll Protoss - Winner!

Build Orders: Oracle Opening 

Get SALT Encoding   

  12  0:00  Probe (Chrono Boost)  
  13  0:11  Probe (Chrono Boost)  
  14  0:17  Pylon  
  14  0:21  Probe (Chrono Boost)  
  15  0:35  Probe (Chrono Boost)  
  16  0:36  Gateway  
  16  0:41  Assimilator  
  16  0:45  Probe (Chrono Boost)  
  17  0:51  Assimilator  
  17  0:56  Probe (Chrono Boost)  
  18  1:06  Probe (Chrono Boost)  
  18  1:09  Gateway  
  19  1:17  Probe (Chrono Boost)  
  20  1:23  Cybernetics Core  
  20  1:28  Probe (Chrono Boost)  
  21  1:34  Pylon  
  21  1:38  Probe (Chrono Boost)  
  22  1:49  Probe (Chrono Boost)  
  22  1:51  Warp Gate  
  24  2:02  Adept x2  
  29  2:11  Mothership Core (Chrono Boost)  
  29  2:19  Pylon  
  29  2:31  Stargate  
  29  2:34  Adept  
  32  2:38  Probe (Chrono Boost)  
  32  2:48  Adept  
  32  2:51  Probe (Chrono Boost)  
  35  3:03  Probe (Chrono Boost)  
  34  3:12  Oracle  
  36  3:23  Nexus  
  35  3:28  Pylon  
  35  3:47  Gateway  
  35  3:55  Stalker x2  
  37  4:01  Probe (Chrono Boost)  
  40  4:12  Robotics Facility, Probe (Chrono Boost)  
  41  4:22  Probe (Chrono Boost)  
  40  4:33  Probe (Chrono Boost)  
  39  4:38  Adept x2  
  39  4:43  Probe (Chrono Boost)  
  39  4:44  Probe (Chrono Boost)  
  45  4:52  Twilight Council  
  45  4:54  Probe (Chrono Boost)  
  45  4:55  Forge  
  45  4:59  Probe (Chrono Boost)  
  47  5:01  Observer  
  47  5:05  Probe (Chrono Boost)  
  49  5:09  Probe (Chrono Boost)  
  50  5:15  Probe (Chrono Boost)  
  50  5:20  Probe (Chrono Boost)  
  52  5:26  Probe (Chrono Boost)  
  52  5:27  Resonating Glaives  
  51  5:29  Immortal  
  51  5:31  Stalker, Protoss Ground Weapons Level 1, Probe (Chrono Boost)  
  56  5:37  Probe (Chrono Boost)  
  56  5:41  Assimilator  
  54  5:46  Pylon  
  54  5:50  Sentry, Adept  
  54  5:51  Pylon  
  58  5:57  Pylon, Adept  
  58  6:12  Pylon  
  58  6:17  Immortal  
  58  6:21  Adept x3  
  61  6:32  Pylon  
  59  6:42  Gateway  
  59  6:44  Gateway  
  59  6:45  Gateway  
  59  6:47  Gateway  
  59  6:49  Gateway  
  59  6:50  Sentry  
  59  6:54  Observer  
  62  7:07  Adept x2  
  66  7:10  Warp Prism  
  66  7:13  Pylon  
  68  7:21  Sentry  
  70  7:28  Pylon, Sentry  
  70  7:29  Adept  
  74  7:41  Stalker x2, Adept x2  
  74  7:43  Adept  
  84  7:55  Pylon  
  84  8:09  Adept x3  
  84  8:10  Adept x4  
  84  8:11  Adept  
  100  8:26  Observer  
  98  8:36  Adept x3  
  98  8:37  Adept x3  
  110  8:44  Pylon  
  108  9:02  Adept x3  
  110  9:03  Sentry, Adept x3  
Tags
 
Add a new tag
Caveats
  • Supply blocks, unpowered buildings, or Contaminate may cause inaccurate times.
  • Supply counts are checked every 10 seconds.